 Dungeon Crawl Stone Soup version 0.20.0-9-g8272e65 (webtiles) character file.

2608 Kosschaser the Cleaver (level 9, -5/118 HPs)
             Began as a Hill Orc Berserker on June 3, 2017.
             Was an Elder of Trog.
             Slain by a hornet zombie (9 damage)
             ... on level 8 of the Dungeon.
             The game lasted 00:16:47 (6321 turns).

Kosschaser the Cleaver (Hill Orc Berserker)         Turns: 6321, Time: 00:16:49

Health: -5/118     AC: 12    Str: 28    XL:     9   Next: 59%
Magic:  0/9        EV: 10    Int:  7    God:    Trog [****..]
Gold:   213        SH:  0    Dex: 10    Spells: 8/8 levels left

rFire    + . .     SeeInvis .   b - +4 hand axe (curse)
rCold    . . .     Gourm    .   (no shield)
rNeg     . . .     Faith    .   s - +0 chain mail
rPois    .         Spirit   +   z - +0 helmet
rElec    .         Reflect  .   (no cloak)
rCorr    .         Harm     .   (no gloves)
MR       +....                  (no boots)
Stlth    ..........             u - amulet of guardian spirit
Regen    0.3/turn               j - ring of protection from magic
MPRegen  0.2/turn               r - ring of protection from fire

@: berserking, very quick
A: no striking features
a: Berserk, Trog's Hand, Brothers in Arms, Burn Spellbooks, Renounce Religion


You were on level 8 of the Dungeon.
You worshipped Trog.
Trog was greatly pleased with you.
You were not hungry.

You visited 2 branches of the dungeon, and saw 9 of its levels.

You collected 213 gold pieces.

Inventory:

Hand Weapons
 a - a +0 hand axe
 b - a cursed +4 hand axe (weapon)
Armour
 s - a +0 chain mail (worn)
 z - a +0 helmet (worn)
Jewellery
 j - a ring of protection from magic (left hand)
 r - a ring of protection from fire (right hand)
 u - an amulet of guardian spirit (around neck)
 B - an uncursed ring of protection from magic
Wands
 t - a wand of lightning (5/15)
 y - a wand of random effects (18/48)
 H - a wand of confusion (40/48)
Scrolls
 e - a scroll of fear
 l - a scroll of amnesia {unknown}
 n - a scroll of enchant weapon {unknown}
 o - a scroll of random uselessness {unknown}
 p - a scroll of remove curse {unknown}
 q - a scroll of fog {unknown}
 w - a scroll of enchant armour {unknown}
 C - 4 scrolls of teleportation {unknown}
 D - a scroll of identify {unknown}
 F - a scroll of magic mapping {unknown}
 I - a scroll of recharging {unknown}
Potions
 d - a potion of haste {unknown}
 f - 2 potions of might {unknown}
 g - 2 potions of magic {unknown}
 h - 3 potions of heal wounds {unknown}
 k - 2 potions of mutation {unknown}
 m - 2 potions of curing {unknown}
 x - a potion of invisibility {unknown}
 E - a potion of brilliance {unknown}
 G - a potion of flight {unknown}
Comestibles
 c - 5 bread rations
 i - 2 royal jellies
 v - a fruit
 A - a meat ration


   Skills:
 + Level 7.3 Fighting
 + Level 10.8 Axes
 + Level 8.5 Armour
 * Level 3.6 Dodging


You had 8 spell levels left.
You didn't know any spells.

Dungeon Overview and Level Annotations

Branches:
Dungeon (8/15)             Temple (1/1) D:6
   Lair: D:8-11

Altars:
Cheibriados
Dithmenos
Elyvilon
Fedhas
Gozag
Hepliaklqana
Kikubaaqudgha
Makhleb
Nemelex Xobeh
Okawaru
Qazlal
Sif Muna
Trog
Uskayaw
Vehumet
Xom
Yredelemnul
Zin
The Shining One
Lugonu

Shops:
D:5 (   D:6 (}

Annotations:
D:6 shop


Message History

You kill the orc!
Trog accepts your kill.
You hit the orc warrior. You barely miss the hornet zombie.
The hornet zombie hits you.
* * * LOW HITPOINT WARNING * * *
The orc warrior hits you with a mace!
* * * LOW HITPOINT WARNING * * *
A red film seems to cover your vision as you go berserk!
You feel yourself moving faster!
You feel mighty!
You feel a lot more hungry.
The jackal bites you but does no damage.
The hornet zombie barely misses you. The orc warrior hits you with a mace!
* * * LOW HITPOINT WARNING * * *
The jackal bites you but does no damage.
You slash the jackal!
You kill the jackal!
Trog accepts your kill.
You barely miss the hornet zombie.
You hit the orc warrior but do no damage.
The hornet zombie hits you!
You die...

#.# #. #...# #
#.# #. #...# .#
#.###. #.(.###.
#....> #......
#.#### .....
#.# #
...##.#######.#
#
#[o##.........#
#
#@Z######.#####
# #..######.# #
#.........#
##.######## #.#
#.# #.# ... #..


You could see an orc warrior and a hornet zombie.

Vanquished Creatures
  A two-headed ogre (D:8)
  Pikel (D:6)
  A water moccasin (D:7)
  2 slaves (Temple)
  A phantom (D:7)
  A centaur (D:7)
  3 ogres
  2 bullfrogs
  4 wights (D:6)
  A howler monkey (D:4)
  A crimson imp (D:5)
  A centaur zombie (D:6)
  3 jellies
  A centaur skeleton (D:4)
  2 hounds (D:7)
  An orc priest (D:5)
  An iguana (D:4)
  4 worker ants
  A hound skeleton (D:5)
  4 gnolls
  7 adders
  A shadow imp (D:5)
  2 oozes (D:1)
  4 worms
  3 dart slugs
  7 leopard geckos
  23 orcs
  3 ball pythons
  3 giant cockroaches
  11 goblins
  4 hobgoblins
  9 jackals
  10 kobolds
  4 quokkas
  4 bats
  5 frilled lizards
  A quokka skeleton (D:4)
  10 rats
147 creatures vanquished.

Vanquished Creatures (others)
  A slave (D:6)
1 creature vanquished.

Grand Total: 148 creatures vanquished

Notes
Turn   | Place    | Note
-------+----------+-------------------------------------------
     0 | D:1      | Kosschaser the Hill Orc Berserker began the quest for the Orb.
     0 | D:1      | Reached XP level 1. HP: 19/19 MP: 1/1
   350 | D:1      | Reached XP level 2. HP: 22/27 MP: 2/2
   620 | D:1      | Reached XP level 3. HP: 24/34 MP: 3/3
   781 | D:1      | Reached ** piety under Trog
  1064 | D:2      | Found a glowing silver altar of Zin.
  1483 | D:2      | Reached skill level 5 in Axes
  1787 | D:2      | Found a sparkling altar of Nemelex Xobeh.
  1788 | D:2      | Found an opulent altar of Gozag.
  1930 | D:2      | Found a deep blue altar of Sif Muna.
  1930 | D:2      | Found an ancient bone altar of Kikubaaqudgha.
  1932 | D:2      | Found a radiant altar of Vehumet.
  2001 | D:2      | Reached XP level 4. HP: 41/41 MP: 4/4
  2016 | D:2      | Found a blossoming altar of Fedhas.
  2151 | D:3      | Found a stormy altar of Qazlal.
  2185 | D:3      | Noticed an earth elemental
  2204 | D:3      | Noticed an air elemental
  2362 | D:3      | Noticed a fire elemental
  2362 | D:3      | Noticed a water elemental
  2837 | D:3      | You fall through a shaft for 2 floors!
  2837 | D:5      | Entered Level 5 of the Dungeon
  3109 | D:5      | Noticed an ogre
  3113 | D:6      | Found Judomp's Antique Weapon Shop.
  3147 | D:6      | Reached XP level 5. HP: 43/47 MP: 5/5
  3240 | D:6      | Noticed a slave
  3240 | D:6      | Noticed a slave
  3240 | D:6      | Noticed a slave
  3240 | D:6      | Noticed a slave
  3241 | D:6      | Noticed Pikel
  3281 | D:6      | Found a staircase to the Ecumenical Temple.
  3290 | Temple   | Entered the Ecumenical Temple
  3302 | Temple   | Reached skill level 6 in Axes
  3405 | Temple   | Reached skill level 5 in Fighting
  3413 | Temple   | Killed a slave
  3415 | Temple   | Killed a slave
  3510 | D:6      | Reached XP level 6. HP: 32/56 MP: 1/6
  3674 | D:6      | Found a snail-covered altar of Cheibriados.
  3811 | D:6      | Killed Pikel
  3811 | D:6      | Reached skill level 7 in Axes
  3811 | D:6      | Reached skill level 5 in Armour
  3811 | D:6      | Reached XP level 7. HP: 61/61 MP: 4/7
  3827 | D:6      | Reached skill level 8 in Axes
  4029 | D:6      | Found Owkauvun's Gadget Boutique.
  4114 | D:6      | Found a bloodstained altar of Trog.
  4120 | D:5      | Reached XP level 8. HP: 68/69 MP: 8/8
  4138 | D:5      | Reached *** piety under Trog
  4198 | D:5      | Found a blossoming altar of Fedhas.
  4678 | D:5      | Found Utyrhill's Weapon Boutique.
  4919 | D:4      | Reached skill level 9 in Axes
  5210 | D:3      | Found a faded altar of an unknown god.
  5398 | D:5      | Reached **** piety under Trog
  5871 | D:7      | Reached XP level 9. HP: 67/78 MP: 7/9
  6023 | D:7      | Reached skill level 10 in Axes
  6230 | D:7      | Found a hazy altar of Hepliaklqana.
  6263 | D:8      | Noticed a two-headed ogre
  6273 | D:8      | Killed a two-headed ogre
  6320 | D:8      | HP: 4/118 [orc warrior/mace (11)]
  6321 | D:8      | Slain by a hornet zombie

Skill      XL: |  1  2  3  4  5  6  7  8  9 |
---------------+----------------------------+-----
Fighting       | 4 5 6 7 |  7.3
Axes           | 5 6 7 8 9 10 | 10.8
Dodging        | 2 3 |  3.6
Armour         | 3 5 7 8 |  8.5

Action                   |  1- 3 |  4- 6 |  7- 9 || total
-------------------------+-------+-------+-------++-------
Melee: Hand axe          |   129 |   149 |   300 ||   578
Invok: Burn Spellbooks   |     1 |       |     1 ||     2
       Berserk           |       |     2 |     5 ||     7
       Trog's Hand       |       |     1 |       ||     1
  Use: Scroll            |       |     1 |     1 ||     2
 Stab: Sleeping          |     1 |       |       ||     1
  Eat: Chunk             |     3 |     7 |     9 ||    19
       Meat ration       |       |       |     1 ||     1
Armor: Animal skin       |    17 |    10 |       ||    27
       Chain mail        |       |    40 |   133 ||   173
Dodge: Dodged            |    79 |    92 |   125 ||   296
